 Dungeon Crawl Stone Soup version 0.25-a0-190-g27fffb8c76 (console) character file.

Game seed: 1761993802874029554, levelgen mode: deterministic

67 Kagalorn the Firebug (level 3, -5/28 HPs)
             Began as a Draconian Fire Elementalist on Nov 30, 2019.
             Slain by a wight
             ... wielding a +0 dire flail
              (8 damage)
             ... on level 3 of the Dungeon.
             The game lasted 00:05:20 (1455 turns).

Kagalorn the Firebug (Draconian Fire Elementalist)  Turns: 1455, Time: 00:05:21

Health: -5/28      AC:  6    Str: 10    XL:     3   Next: 98%
Magic:  5/7        EV: 12    Int: 16    God:
Gold:   76         SH:  0    Dex: 11    Spells: 6/7 levels left

rFire    . . .     SeeInvis +   i - +0 dagger
rCold    . . .     Gourm    .   (no shield)
rNeg     . . .     Faith    .   (armour unavailable)
rPois    .         Spirit   .   (helmet restricted)
rElec    .         Reflect  .   (no cloak)
rCorr    .         Harm     .   w - +0 pair of gloves
MR       .....                  (no boots)
Stlth    +.........             a - amulet of the acrobat
HPRegen  0.09/turn              (no ring)
MPRegen  0.10/turn              (no ring)

@: drained
A: unfitting armour, hooves 1, see invisible, cold-blooded, AC +5
a: no special abilities


You were on level 3 of the Dungeon.
You were hungry.

You visited 1 branch of the dungeon, and saw 3 of its levels.

You collected 76 gold pieces.

Inventory:

Hand Weapons
 i - a +0 dagger (weapon)
 j - a cursed +1 whip
Missiles
 h - 16 bolts
 r - 35 poisoned darts (quivered)
 t - 37 stones
 v - 13 sling bullets
Armour
 n - a +0 buckler
 w - a +0 pair of gloves (worn)
Jewellery
 a - an amulet of the acrobat (around neck)
 c - a +5 ring of dexterity {unknown}
 p - an uncursed ring of protection from cold {unknown}
Scrolls
 e - a scroll of remove curse
 g - a scroll of enchant armour {unknown}
 m - a scroll of noise {unknown}
 q - a scroll of fog {unknown}
 s - a scroll of immolation {unknown}
 u - a scroll of identify
Potions
 f - a potion of agility {unknown}
 k - 2 potions of flight
 l - a potion of haste {unknown}
 o - a potion of mutation
Comestibles
 b - 9 rations


   Skills:
 * Level 1.1(0.5) Fighting
 - Level 1.7(1.1) Dodging
 - Level 1.7(1.1) Stealth
 * Level 0.6(0.0) Shields
 * Level 2.7(2.1) Spellcasting
 * Level 1.6(1.0) Conjurations
 + Level 3.7(3.0) Fire Magic


You had 6 spell levels left.
You knew the following spells:

 Your Spells              Type           Power        Failure   Level  Hunger
a - Flame Tongue          Conj/Fire      #....        9%          1    #......

Your spell library contained the following spells:

 Spells                   Type           Power        Failure   Level  Hunger
 Throw Flame              Conj/Fire      #.....       13%         2    ###....
 Conjure Flame            Conj/Fire      #.......     26%         3    ###....
 Inner Flame              Hex/Fire       #.......     32%         3    ###....
 Sticky Flame             Conj/Fire      #.......     65%         4    #####..
 Fireball                 Conj/Fire      #.........   94%         5    ######.


Dungeon Overview and Level Annotations

Branches:
Dungeon (3/15)

Altars:


Innate Abilities, Weirdness & Mutations

Your plain brown scales are hard. (AC +5)
You cannot fit into any form of body armour.
You are cold-blooded and may be slowed by cold attacks.
You have large cloven feet.
You have supernaturally acute eyesight. (SInv)


Message History

A hound comes into view.
The wight completely misses you.
The hound barks!
As you read the scroll labeled KAUCIGU GUQYS, it crumbles to dust.
You feel blessed for a moment.
It was a scroll of remove curse.
As you read the scroll labeled ASICRO DANUN, it crumbles to dust.
It is a scroll of identify.
k - 2 potions of flight The wight misses you.
The hound bites you.
* * * LOW HITPOINT WARNING * * *
It was a potion of mutation.
You feel extremely strange.
Your feet thicken and deform.
Your vision sharpens.
The hound bites you but does no damage. The wight closely misses you.
The hound misses you.
As you read the scroll labeled CUKYAGULUEL, it crumbles to dust.
It is a scroll of enchant weapon.
Your glowing whip glows red for a moment.
The hound barely misses you.
The wight hits you with a +0 dire flail!
You die...

#################
#.......z@h......
#.###############
#.# #.# #.# #.#
#.# #># #.#


You could see a hound and a wight.

Vanquished Creatures
  An ooze (D:1)
  2 worms (D:2)
  2 dart slugs
  3 leopard geckos
  5 bats
  4 giant cockroaches
  2 goblins
  A hobgoblin (D:1)
  4 jackals (D:1)
  5 kobolds
  3 quokkas (D:2)
  A ball python (D:1)
  13 frilled lizards
  3 rats
49 creatures vanquished.

Notes
Turn   | Place    | Note
-------+----------+-------------------------------------------
     0 | D:1      | Kagalorn the Draconian Fire Elementalist began the quest
                  | for the Orb.
     0 | D:1      | Reached XP level 1. HP: 14/14 MP: 3/3
   170 | D:1      | Reached XP level 2. HP: 14/22 MP: 3/5
   595 | D:1      | Reached XP level 3. HP: 23/27 MP: 6/6
   600 | D:1      | Reached skill level 1 in Fighting
  1414 | D:3      | HP: 1/28 [wight/+0 dire flail (2)]
  1454 | D:3      | Gained mutation: You have large cloven feet. [potion of
                  | mutation]
  1454 | D:3      | Gained mutation: You have supernaturally acute eyesight.
                  | (SInv) [potion of mutation]
  1455 | D:3      | Slain by a wight

Levels and vault maps discovered:
D:1:      kilobyte_arrival_exit_the_forest, layout_basic, grunt_decor_clamped,
          minmay_lizard_pond
D:2:      layout_basic
D:3:      layout_loops_ring, uniq_purgy

Skill      XL: |  1  2  3 |
---------------+----------+-----
Fighting       | 1 |  1.1
Dodging        | |  1.7
Stealth        | |  1.7
Shields        | |  0.6
Spellcasting   | |  2.7
Conjurations   | |  1.6
Fire Magic     | |  3.7

Action                   || total
-------------------------++-------
Melee: Unarmed           ||    22
       Dagger            ||   129
       Tailslap          ||    10
 Cast: Flame Tongue      ||    52
  Use: Scroll            ||     3
       Potion            ||     1
 Stab: Sleeping          ||     3
  Eat: Chunk             ||     2
Armor: Skin              ||    49
Dodge: Dodged            ||   112

Table legend:
 A = Non-vault XP
 B = Vault XP
 C = Vault XP percentage of total XP
 D = Non-vault monster count
 E = Vault monster count
 F = Vault count percentage of total count
                 A         B        C        D         E       F
            +---------+---------+-------+---------+---------+-------
      Total |      87 |       9 |   9.4 |      40 |       9 |  18.4
            +---------+---------+-------+---------+---------+-------
        D:1 |      40 |       9 |  18.4 |      18 |       9 |  33.3
        D:2 |      44 |       0 |   0.0 |      21 |       0 |   0.0
        D:3 |       3 |       0 |   0.0 |       1 |       0 |   0.0
            +---------+---------+-------+---------+---------+-------
